 Dungeon Crawl Stone Soup version 0.26-a0-651-gb41185065b (webtiles) character file.

Game seed: 17089192972869102357

8 Irenicus the Chopper (level 2, -3/26 HPs)
             Began as a Hill Orc Monk on Oct 28, 2020.
             Slain by a goblin
             ... wielding a +0 club
              (6 damage)
             ... on level 1 of the Dungeon.
             The game lasted 00:03:08 (334 turns).

Irenicus the Chopper (Hill Orc Monk)                 Turns: 334, Time: 00:03:09

Health: -3/26      AC:  2    Str: 10 (13) XL:     2   Next: 8%
Magic:  2/2        EV: 12    Int:  9 (10) God:
Gold:   15         SH:  0    Dex: 11 (13) Spells: 1/1 levels left

rFire    . . .     SeeInvis .   a - +0 hand axe
rCold    . . .     Faith    .   (no shield)
rNeg     . . .     Spirit   .   b - +0 robe
rPois    .         Reflect  .   (no helmet)
rElec    .         Harm     .   (no cloak)
rCorr    .         Rampage  .   (no gloves)
MR       .....                  (no boots)
Stlth    ++........             (no amulet)
HPRegen  0.08/turn              (no ring)
MPRegen  0.08/turn              (no ring)

@: no status effects
A: no striking features
a: no special abilities


You were on level 1 of the Dungeon.
You visited 1 branch of the dungeon, and saw 2 of its levels.

You collected 15 gold pieces.

Inventory:

Hand Weapons
 a - a +0 hand axe (weapon)
Missiles
 f - 3 atropa-tipped darts
Armour
 b - a +0 robe (worn)
Scrolls
 d - a scroll of remove curse {unknown}
Potions
 e - 2 potions of degeneration {!q}


   Skills:
 - Level 3.6 Fighting
 + Level 4.4 Axes
 - Level 2.4 Dodging
 - Level 2.0 Stealth


You had one spell level left.
You didn't know any spells.
Your spell library was empty.

Dungeon Overview and Level Annotations

Branches:
Dungeon (2/15)

Altars:


Message History

The hobgoblin is severely wounded.
The hobgoblin closely misses you.
You strike the helpless hobgoblin from behind!
You hit the hobgoblin but do no damage.
The hobgoblin is severely wounded.
The hobgoblin is no longer blind.
The hobgoblin hits you with a +0 club.
* * * LOW HITPOINT WARNING * * *
You take 2 damage, and have 2/19 hp.
You closely miss the hobgoblin.
The hobgoblin is severely wounded.
The hobgoblin closely misses you.
You hit the hobgoblin but do no damage.
The hobgoblin is severely wounded.
You see here an atropa-tipped dart.
The hobgoblin hits you with a +0 club.
* * * LOW HITPOINT WARNING * * *
You take 1 damage, and have 3/19 hp.
You hit the hobgoblin.
The hobgoblin is lightly wounded.
The hobgoblin misses you.
It was a potion of degeneration.
There was something very wrong with that liquid.
You feel weakened.
You feel dopey.
You feel clumsy. The hobgoblin barely misses you.
Things that are here:
a +0 club; a giant cockroach corpse A leopard gecko comes into view.
The leopard gecko hisses angrily.
You hit the leopard gecko.
The leopard gecko is heavily wounded.
The leopard gecko bites you. The leopard gecko barely misses you.
You take 1 damage, and have 7/19 hp.
You barely miss the leopard gecko.
The leopard gecko is heavily wounded.
The leopard gecko bites you.
You take 1 damage, and have 6/19 hp.
Okay, then.
You closely miss the leopard gecko.
The leopard gecko is heavily wounded.
The leopard gecko closely misses you.
You hit the leopard gecko.
You kill the leopard gecko!
Your Stealth skill increases to level 2!
You have reached level 2!
You regained 2 hp, and now have 8/26 hp.
MP restored: 2 You hit the hobgoblin.
The hobgoblin is lightly wounded.
The hobgoblin barely misses you.
You hit the hobgoblin but do no damage.
The hobgoblin is lightly wounded.
The hobgoblin hits you with a +0 club.
* * * LOW HITPOINT WARNING * * *
You take 5 damage, and have 3/26 hp.
The hobgoblin barely misses you.
You see here a +0 club.
There is a stone staircase leading down here.
You climb downwards.
A bat, a bullfrog and an ooze come into view.
Found an escape hatch in the floor.
Found a stone staircase leading up.
There is a stone staircase leading up here.
The ooze quivers.
You climb upwards.
The hobgoblin hits you with a +0 club.
* * * LOW HITPOINT WARNING * * *
There is a stone staircase leading down here.
You take 2 damage, and have 6/26 hp.
The hobgoblin hits you with a +0 club.
* * * LOW HITPOINT WARNING * * *
You take 2 damage, and have 4/26 hp.
A kobold comes into view.
A hobgoblin comes into view. It is wielding a -2 club.
The hobgoblin shouts!
You hear a shout! x3
Okay, then.
As you read the scroll labeled BASHRIV ISMAA, it crumbles to dust.
You feel strangely unstable.
It was a scroll of teleportation.
The hobgoblin hits you but does no damage.
The hobgoblin barely misses you.
You hit the hobgoblin.
The hobgoblin is moderately wounded.
You hit the hobgoblin but do no damage. The hobgoblin misses you.
The hobgoblin hits you with a cursed -2 club.
* * * LOW HITPOINT WARNING * * *
You take 4 damage, and have 2/26 hp.
The hobgoblin barely misses you.
A kobold comes into view.
Your surroundings suddenly seem different.
A frilled lizard comes into view.
The frilled lizard hisses angrily.
A kobold comes into view. It is wielding a +0 dagger.
Found a stone staircase leading down.
A goblin comes into view. It is wielding a +0 club.
The goblin shouts!
You barely miss the goblin. The goblin closely misses you.
You hit the goblin.
The goblin is heavily wounded.
The goblin closely misses you.
You barely miss the goblin.
The goblin is heavily wounded.
You closely miss the kobold. The goblin hits you with a +0 club.
You die...

#...# #...###
.......#######
.............## #
....l..####...##.#
....##...........#
... #.####...####
. #.#......KK.#
#.....#>###@#
......#.# #g.....#
........# ....##.#
......###.###.#
....[. #. .# # #
.# . #


You could see a goblin and 2 kobolds.

Vanquished Creatures
  A leopard gecko (D:1)
  A giant cockroach (D:1)
  A hobgoblin (D:1)
  A goblin (D:1)
  2 kobolds (D:1)
  A rat (D:1)
7 creatures vanquished.

Notes
Turn   | Place    | Note
-------+----------+-------------------------------------------
     0 | D:1      | Irenicus the Hill Orc Monk began the quest for the Orb.
     0 | D:1      | Reached XP level 1. HP: 19/19 MP: 1/1
    23 | D:1      | HP: 4/19 [kobold/+0 short sword (6)]
   106 | D:1      | HP: 4/19 [hobgoblin/+0 club (1)]
   147 | D:1      | HP: 3/19 [hobgoblin/+0 club (2)]
   234 | D:1      | Reached skill level 2 in Stealth
   234 | D:1      | Reached XP level 2. HP: 8/26 MP: 2/2
   237 | D:1      | HP: 3/26 [hobgoblin/+0 club (5)]
   293 | D:2      | Noticed a bullfrog
   295 | D:1      | HP: 6/26 [hobgoblin/+0 club (2)]
   319 | D:1      | HP: 2/26 [hobgoblin/cursed -2 club (4)]
   334 | D:1      | Slain by a goblin

Illustrated notes

Levels and vault maps discovered:
D:1:      roderic_chinese_lattice_arrival, layout_loops_ring
D:2:      layout_basic, lemuel_crystal_altar, serial_corexii_hall,
          chequers_hall_statues_wall_a, chequers_hall_statues_wall_a

Skill      XL: |  1 |
---------------+----+-----
Stealth        | 2 |  2.0
Fighting       | |  3.6
Axes           | |  4.4
Dodging        | |  2.4

Action                   || total
-------------------------++-------
Melee: Hand axe          ||    37
Throw: Dart              ||     3
  Use: Potion            ||     2
       Scroll            ||     1
 Stab: Invisible         ||     1
Armor: Robe              ||     2
Dodge: Dodged            ||    25

Table legend: (Time is in decaauts)
 A = Elapsed time spent in this place.
 B = Non-inter-level travel time spent in this place.
 C = Inter-level travel time spent in this place.
 D = Time resting spent in this place.
 E = Time spent auto-exploring this place.
 F = Levels seen in this place.
 G = Mean time per level.
                   A        B        C        D        E       F      G
               +--------+--------+--------+--------+--------+-----+--------+
         Total |    337 |    337 |      0 |      0 |      0 |   2 |  168.5 |
       Dungeon |    337 |    337 |      0 |      0 |      0 |   2 |  168.5 |
               +--------+--------+--------+--------+--------+-----+--------+

Top non-repeatable levels by time:
     D:1: 335 daAuts
     D:2: 1 daAuts

Table legend:
 A = Kills in this place as a percentage of kills in entire the game.
 B = Kills by you in this place as a percentage of kills by you in the entire game.
 C = Kills by friends in this place as a percentage of kills by friends in the entire game.
 D = Other kills in this place as a percentage of other kills in the entire game.
 E = Experience gained in this place as a percentage of experience gained in the entire game.
 F = Experience gained in this place divided by the number of levels of this place that you have seen.
                   A       B       C       D       E      F
               +-------+-------+-------+-------+-------+----------------------
         Total | 100.0 | 100.0 |   N/A |   N/A | 100.0 |   6.0
       Dungeon | 100.0 | 100.0 |   N/A |   N/A | 100.0 |   6.0
               +-------+-------+-------+-------+-------+----------------------
